 Dungeon Crawl Stone Soup version 0.30-a0-1074-g5db6f66fbb (webtiles) character file.

Game seed: 1706951705346389855

117 Adrian566 the Sneak (level 5, -2/34 HPs)
             Began as an Octopode Brigand on Apr 13, 2023.
             Slain by an orc
             ... wielding a +0 short sword
              (3 damage)
             ... on level 3 of the Dungeon.
             The game lasted 00:01:34 (1412 turns).

Adrian566 the Sneak (Octopode Brigand)              Turns: 1412, Time: 00:01:35

Health: -2/34      AC:  1    Str: 10    XL:     5   Next: 1%
Magic:  5/5        EV: 13    Int: 14    God:
Gold:   119        SH:  0    Dex: 15    Spells: 4/4 levels left

rFire   . . .      SeeInvis +    a - +3 dagger
rCold   . . .      Faith    .    (no shield)
rNeg    . . .      Spirit   .    (helmet restricted)
rPois   .          Reflect  .    h - amulet of regeneration
rElec   .          Rampage  .    g - ring of see invisible
rCorr   .                        (no ring)
Will    .....                    (no ring)
Stlth   +++++                    (no ring)
HPRegen 1.05/turn                (no ring)
MPRegen 0.09/turn                (no ring)
                                 (no ring)
                                 (no ring)

@: no status effects
A: almost no armour, amphibious, 8 rings, camouflage 1, gelatinous body 1,
(nimble swimmer 1), tentacles
a: no special abilities


You were on level 3 of the Dungeon.
You visited 1 branch of the dungeon, and saw 3 of its levels.

You collected 119 gold pieces.

Inventory:

Hand Weapons
 a - a +3 dagger (weapon)
Missiles
 b - 11 poisoned darts (quivered)
 c - 3 curare-tipped darts
 l - 3 atropa-tipped darts
Jewellery
 f - a +6 ring of strength
 g - a ring of see invisible (left tentacle)
 h - an amulet of regeneration (around mantle)
Scrolls
 i - a scroll of brand weapon
 o - a scroll of identify
 p - a scroll of fog {unknown}
 r - a scroll of teleportation {unknown}
Potions
 d - a potion of heal wounds
 e - 4 potions of curing
 j - a potion of berserk rage
 k - 2 potions of invisibility {unknown}
 m - a potion of mutation {unknown}
 n - a potion of flight {unknown}
 q - a potion of brilliance {unknown}


   Skills:
 + Level 2.1 Fighting
 + Level 2.3 Short Blades
 + Level 2.3 Throwing
 + Level 1.2 Dodging
 * Level 7.9 Stealth


You had 4 spell levels left.
You didn't know any spells.
Your spell library was empty.

Dungeon Overview and Level Annotations

Branches:
Dungeon (3/15)

Altars:
Nemelex Xobeh


Innate Abilities, Weirdness & Mutations

You cannot wear most types of armour.
You are amphibious.
You can wear up to eight rings at the same time.
Your skin changes colour to match your surroundings (Stealth+).
Your rubbery body absorbs attacks. (AC +1, EV +1)
((You are camouflaged when in or above water. (Stealth+)))
You have tentacles for arms and can constrict up to eight enemies at once.


Message History

An orc comes into view. It is wielding a +0 short sword.
An orc priest and an orc wizard come into view.
The orc priest is wielding a +1 short sword of electrocution.
Found a glowing ruby ring.
The orc wizard shouts!
You hear a shout!
An orc comes into view. It is wielding a +0 whip.
The orc shouts!
You hit the rat.
You kill the rat!
You hit the orc wizard. You grab the orc wizard. You squeeze the orc wizard!
The orc wizard is heavily wounded.
You constrict the orc wizard. You hit the orc wizard.
You squeeze the orc wizard.
You kill the orc wizard!
You have reached level 5!
You feel clever.
You hit the orc. Your grab misses the orc.
The orc is heavily wounded.
The orc hits you with a +0 whip.
You hit the orc. You grab the orc.
The orc is almost dead.
You constrict the orc.
You kill the orc!
The orc priest mumbles some strange prayers to Beogh against you.
Beogh smites you! The orc hits you with a +0 short sword.
Items here: )) [[ ††.
You are too injured to fight recklessly!
Unknown command.
You are too injured to fight recklessly!
You are too injured to fight recklessly!
You are too injured to fight recklessly!
Unknown command.
You hit the orc priest. Your grab misses the orc priest.
You squeeze the orc priest!
The orc priest is severely wounded.
The orc priest invokes the aid of Beogh against you.
Pain shoots through your body!
* * * LOW HITPOINT WARNING * * *
The orc hits you with a +0 short sword.
You die...

## #.#.# #.# #..###g#
.###.#.#
.#.######......#
#.##.#.. .
..........###.##
##.#.### #.
......#).## .. #....#
#. ........## .#
.##### #. .####...# #
.# #.. ###.## .#
###...######..## .#
#.....o@...#...###..#
.#
......o..#........#
.#
#.......).<#..##..#
.#
###...###..#..##..#.#
.#
#=.......#..##..#.###
.#
###..###.#...........
.# #..#
#.##.##......# .#
#..# #.##.##.##.#.#
#..# #.##.##.##.#.#


You could see an orc priest and an orc.

Vanquished Creatures
  An orc wizard (D:3)
  4 adders
  A dart slug (D:2)
  2 orcs (D:3)
  4 bats
  7 endoplasms
  A giant cockroach (D:3)
  2 goblins
  6 hobgoblins
  3 jackals (D:1)
  3 quokkas
  4 ball pythons
  4 frilled lizards
  4 kobolds
  7 rats
53 creatures vanquished.

Notes
Turn   | Place    | Note
-------+----------+-------------------------------------------
     0 | D:1      | Adrian566 the Octopode Brigand began the quest for the Orb.
     0 | D:1      | Reached XP level 1. HP: 14/14 MP: 1/1
   108 | D:1      | Reached XP level 2. HP: 18/19 MP: 2/2
   286 | D:1      | Reached skill level 6 in Stealth
   341 | D:1      | Reached XP level 3. HP: 23/24 MP: 3/3
   600 | D:2      | Reached skill level 7 in Stealth
  1000 | D:3      | Reached XP level 4. HP: 23/29 MP: 4/4
  1078 | D:3      | Found a sparkling altar of Nemelex Xobeh.
  1409 | D:3      | Reached XP level 5. HP: 34/34 MP: 5/5
  1412 | D:3      | HP: 1/34 [orc priest/nerve-wracking pain (13)]
  1412 | D:3      | Slain by an orc

Illustrated notes

Levels and vault maps discovered:
D:1:      amcnicky_arrival_flooded_fountain, layout_rooms
D:2:      layout_basic
D:3:      layout_loops_ring, nemelex_diamond_rough_becter,
          nicolae_overflow_two_pavilions, biasface_ghost_orc_armoury

Skill      XL: |  1  2  3 |
---------------+----------+-----
Stealth        | 6 7 |  7.9
Fighting       | |  2.1
Short Blades   | |  2.3
Throwing       | |  2.3
Dodging        | |  1.2

Action                     |  1- 3 |  4- 6 || total
---------------------------+-------+-------++-------
  Melee: Dagger            |    67 |    27 ||    94
         Constrict         |    16 |     6 ||    22
         Tentacles         |     9 |     7 ||    16
    Use: Scroll            |     5 |       ||     5
         Potion            |     1 |       ||     1
   Stab: Sleeping          |    10 |     8 ||    18
 Armour: Skin              |     3 |       ||     3
  Dodge: Dodged            |    49 |     6 ||    55

Table legend: (Time is in decaauts)
 A = Elapsed time spent in this place.
 B = Non-inter-level travel time spent in this place.
 C = Inter-level travel time spent in this place.
 D = Time resting spent in this place.
 E = Time spent auto-exploring this place.
 F = Levels seen in this place.
 G = Mean time per level.
                   A        B        C        D        E       F      G
               +--------+--------+--------+--------+--------+-----+--------+
         Total |   1401 |   1371 |     30 |      0 |   1048 |   3 |  467.0 |
       Dungeon |   1401 |   1371 |     30 |      0 |   1048 |   3 |  467.0 |
               +--------+--------+--------+--------+--------+-----+--------+

Top non-repeatable levels by time:
     D:1: 489 daAuts
     D:2: 472 daAuts
     D:3: 439 daAuts
